 Dungeon Sprint DCSS version 0.23.2 (webtiles) character file.

Game seed: 1718640892669566082

261 MartialLaw the Basher (level 6, -2/44 HPs)
             Began as a Gargoyle Berserker on Mar 31, 2019.
             Was a Priest of Trog.
             Slain by a neqoxec (11 damage)
             ... in the Dungeon (Sprint II: "The Violet Keep of Menkaure").
             The game lasted 00:01:09 (129 turns).

MartialLaw the Basher (Gargoyle Berserker)           Turns: 129, Time: 00:01:09

Health: -2/44      AC:  6    Str: 22    XL:     6   Next: 18%
Magic:  6/6        EV: 13    Int:  6    God:    Trog [***...]
Gold:   243        SH:  0    Dex:  9    Spells: 5/5 levels left

rFire    . . .     SeeInvis .   a - +0 mace
rCold    . . .     Gourm    .   (no shield)
rNeg     + . .     Faith    .   b - +0 animal skin
rPois    ∞         Spirit   .   (no helmet)
rElec    +         Reflect  .   (no cloak)
rCorr    .         Harm     .   (no gloves)
MR       .....     NoTele   +   (no boots)
Stlth    +.........             (no amulet)
HPRegen  0.14/turn              (no ring)
MPRegen  0.10/turn              (no ring)

@: berserk cooldown, slowed, lost intelligence, very slow
A: blink, dopey 1, negative energy resistance 1, electricity resistance,
unbreathing, petrification resistance, rot immunity, AC +4
a: Blink, Berserk, Trog's Hand, Renounce Religion


You were in the Dungeon.
You worshipped Trog.
Trog was most pleased with you.
You were not hungry.

You visited 1 branch You collected 243 gold pieces.

Inventory:

Hand Weapons
 a - a +0 mace (weapon)
Armour
 b - a +0 animal skin (worn)
Scrolls
 i - a scroll of blinking
Potions
 d - a potion of curing
 e - a potion of heal wounds
 f - a potion of haste
 g - 2 potions of magic
 h - a potion of berserk rage
Comestibles
 c - a ration
 j - 2 chunks of flesh


   Skills:
 + Level 8.2 Fighting
 * Level 8.7 Maces & Flails
 + Level 5.3 Armour
 + Level 4.0 Dodging


You had 5 spell levels left.
You didn't know any spells.
Your spell library was empty.

Dungeon Overview and Level Annotations

Branches:
Dungeon (1/1)

Altars:


Innate Abilities, Weirdness & Mutations

You are resistant to torment.
Your stone body is resilient. (AC +4)
You are immune to poison.
You resist negative energy. (rN+)
You are resistant to electric shocks. (rElec)
You can survive without breathing.
You are immune to petrification.
You are immune to rotting.
You can translocate small distances at will.
You are dopey. (Int -2)


Message History

You completely miss the neqoxec.
The neqoxec is lightly wounded.
The neqoxec misses you. x2
You thump the neqoxec!
The neqoxec is moderately wounded.
The neqoxec hits you!
* * * LOW HITPOINT WARNING * * *
You closely miss the neqoxec.
The neqoxec is moderately wounded.
The neqoxec gestures at you.
Something tries to feed on your intellect!
The neqoxec gestures at you.
Something tries to feed on your intellect!
You hit the neqoxec but do no damage.
The neqoxec is moderately wounded.
The neqoxec gestures.
You hit the neqoxec.
The neqoxec is heavily wounded.
The neqoxec hits you!
You die...

#≈≈#+++#+++##
≈≈≈....M....#
≈≈≈≈M##'##..#
≈≈≈ ###..## #
≈ #.##..#
##.#.## ##'##
##.### +.<5@#
##.##3# #+#
#5# ##


You could see a neqoxec, an iron imp and a white imp.

Vanquished Creatures
  A neqoxec (D)
  Menkaure (D)
  3 worms (D)
5 creatures vanquished.

Vanquished Creatures (others)
  A crocodile (D)
1 creature vanquished.

Grand Total: 6 creatures vanquished

Notes
Turn   | Place    | Note
-------+----------+-------------------------------------------
     0 | D        | MartialLaw the Gargoyle Berserker began the quest for the
                  | Orb.
     0 | D        | Reached XP level 1. HP: 14/14 MP: 1/1
    11 | D        | Reached XP level 2. HP: 20/20 MP: 2/2
    14 | D        | Reached ** piety under Trog
    36 | D        | Noticed an orange crystal statue
    38 | D        | Noticed Menkaure
    57 | D        | Killed Menkaure
    57 | D        | Reached XP level 3. HP: 28/28 MP: 3/3
    57 | D        | Reached XP level 4. HP: 34/34 MP: 4/4
    57 | D        | Reached XP level 5. HP: 38/38 MP: 5/5
    66 | D        | Killed a crocodile
   108 | D        | Noticed a neqoxec
   108 | D        | Gained mutation: You are dopey. (Int -2) [a neqoxec]
   110 | D        | Noticed a neqoxec
   114 | D        | Lost intelligence.
   121 | D        | Killed a neqoxec
   121 | D        | Reached *** piety under Trog
   121 | D        | Reached skill level 5 in Armour
   121 | D        | Reached XP level 6. HP: 25/44 MP: 6/6
   124 | D        | Gained mutation: You can translocate small distances at
                  | will. [a neqoxec]
   129 | D        | Slain by a neqoxec

Skill      XL: |  1  2  3  4  5 |
---------------+----------------+-----
Fighting       | 4 7 8 |  8.2
Maces & Flails | 7 8 |  8.7
Armour         | 3 5 |  5.3
Dodging        | 2 4 |  4.0

Action                   |  1- 3 |  4- 6 || total
-------------------------+-------+-------++-------
Melee: Mace              |    15 |    16 ||    31
Invok: Berserk           |     2 |     1 ||     3
Armor: Animal skin       |     3 |     4 ||     7
Dodge: Dodged            |     3 |     4 ||     7
